 Dungeon Crawl Stone Soup version 0.31-a0-45-g5f0c076935 (webtiles) character file.

Game seed: 12613671304886026459

371 porpoise the Chopper (level 6, -7/57 HPs)
             Began as a Hill Orc Fighter on May 22, 2023.
             Killed by divine providence
             ... invoked by an orc priest
              (17 damage)
             ... on level 4 of the Dungeon.
             The game lasted 00:05:51 (2899 turns).

porpoise the Chopper (Hill Orc Fighter)             Turns: 2899, Time: 00:05:52

Health: -7/57      AC:  9    Str: 21    XL:     6   Next: 70%
Magic:  6/6        EV:  9    Int:  8    God:
Gold:   183        SH:  4    Dex: 10    Spells: 5/5 levels left

rFire   . . .        a - +1 war axe (venom)
rCold   . . .        c - +0 buckler
rNeg    . . .        b - +0 scale mail
rPois   .            (no helmet)
rElec   .            r - +1 cloak
rCorr   .            (no gloves)
SInv    .            (no boots)
Will    .....        (no amulet) Stlth
                     (no ring)
HPRegen 0.29/turn    (no ring)
MPRegen 0.10/turn

%: no passive effects
@: mighty
A: no striking features
a: Convert to Beogh


You were on level 4 of the Dungeon.
You visited 1 branch of the dungeon, and saw 4 of its levels.

You collected 183 gold pieces.

Inventory:

Hand Weapons
 a - a +1 war axe of venom (weapon)
Missiles
 g - 5 silver javelins (quivered)
 v - 3 boomerangs
Armour
 b - a +0 scale mail (worn)
 c - a +0 buckler (worn)
 r - a +1 cloak (worn)
Jewellery
 t - a ring of wizardry
Wands
 k - a wand of flame (35)
Scrolls
 e - a scroll of brand weapon
 f - 2 scrolls of enchant weapon
 j - a scroll of poison
 l - a scroll of teleportation
 p - a scroll of blinking {unknown}
 q - a scroll of fear {unknown}
 s - a scroll of immolation {unknown}
 u - a scroll of magic mapping {unknown}
Potions
 h - a potion of mutation
 i - 2 potions of curing
 m - a potion of brilliance
 n - a potion of ambrosia {unknown}
 o - a potion of flight {unknown}
 w - a potion of lignification {unknown}


   Skills:
 + Level 5.8 Fighting
 * Level 7.6 Axes
 - Level 3.2 Armour
 - Level 3.2 Shields


You had 5 spell levels left.
You didn't know any spells.
Your spell library contained the following spells:

 Spells                   Type           Power      Damage    Failure   Level
 Apportation              Tloc           0%         N/A       82%         1
 Necrotise                Necr           0%         1d4       82%         1
 Slow                     Hex            0%         N/A       82%         1
 Summon Small Mammal      Summ           0%         N/A       82%         1
 Confusing Touch          Hex            0%         N/A       99%         3
 Vampiric Draining        Necr           0%         2d6       99%         3


Dungeon Overview and Level Annotations

Branches:
Dungeon (4/15)
 Temple: D:4-7

Altars:


Message History

* * * LOW HITPOINT WARNING * * *
The orc priest hits you but does no damage.
You feel very mighty all of a sudden. The orc priest barely misses you.
You slice the orc priest!!
You kill the orc priest!
Your Axes skill increases to level 7!
You barely miss the black bear.
The black bear bites you but does no damage.
The black bear claws you.
* * * LOW HITPOINT WARNING * * *
The black bear claws you but does no damage.
You closely miss the black bear. The black bear bites you.
* * * LOW HITPOINT WARNING * * *
The black bear claws you.
* * * LOW HITPOINT WARNING * * *
The black bear closely misses you.
You closely miss the black bear. The black bear bites you.
* * * LOW HITPOINT WARNING * * *
The black bear closely misses you.
The black bear claws you but does no damage.
The black bear bites you but does no damage.
The black bear completely misses you.
The black bear claws you but does no damage.
You slash the black bear!
The black bear is poisoned.
The black bear is moderately wounded.
The black bear bites you but does no damage.
The black bear claws you but does no damage. x2
You slash the black bear!
The black bear looks as sick as possible!
The black bear is almost dead.
You kill the black bear!
You slash the orc priest!
The orc priest is heavily wounded.
The orc priest casts a cantrip, but nothing happens.
You barely miss the orc priest.
The orc priest is heavily wounded.
The orc priest calls down the wrath of Beogh upon you.
Beogh smites you!
You die...

#...# #...######
###........##
..............##
...............#
...............#
###.#...#.##.#.# #..
#.#........#.####.....
# #...#.####..@o......
#...#.# #######..##
#.. ... ... ..


You could see an orc priest.

Vanquished Creatures
  A black bear (D:4)
  An orc priest (D:4)
  Crazy Yiuf (D:2)
  Natasha (thrice) (D:2)
  An orc wizard (D:3)
  5 adders
  A dart slug (D:3)
  13 orcs
  4 bats
  3 endoplasms
  A giant cockroach (D:3)
  5 goblins
  7 hobgoblins
  2 quokkas
  9 ball pythons
  4 frilled lizards
  5 kobolds
  4 rats
70 creatures vanquished.

Notes
Turn   | Place    | Note
-------+----------+-------------------------------------------
     0 | D:1      | porpoise the Hill Orc Fighter began the quest for the Orb.
     0 | D:1      | Reached XP level 1. HP: 19/19 MP: 1/1
    86 | D:1      | Reached skill level 3 in Axes
   201 | D:1      | Reached XP level 2. HP: 24/27 MP: 2/2
   477 | D:1      | Reached skill level 4 in Axes
   483 | D:1      | Reached XP level 3. HP: 15/33 MP: 3/3
   867 | D:2      | Noticed Natasha
   932 | D:2      | Killed Natasha
   933 | D:2      | Reached skill level 5 in Axes
   933 | D:2      | Reached XP level 4. HP: 16/41 MP: 4/4
  1153 | D:2      | Noticed Natasha
  1161 | D:2      | Killed Natasha
  1323 | D:2      | Noticed Natasha
  1328 | D:2      | Killed Natasha
  1329 | D:2      | Reached XP level 5. HP: 47/47 MP: 5/5
  1427 | D:2      | Found a runed translucent door.
  1428 | D:2      | Noticed Crazy Yiuf
  1437 | D:2      | Killed Crazy Yiuf
  1438 | D:2      | Reached skill level 5 in Fighting
  1438 | D:2      | Reached skill level 6 in Axes
  2052 | D:3      | Reached XP level 6. HP: 56/56 MP: 6/6
  2886 | D:4      | Noticed a black bear
  2893 | D:4      | Reached skill level 7 in Axes
  2897 | D:4      | Killed a black bear
  2899 | D:4      | Killed from afar by an orc priest

Illustrated notes

Levels and vault maps discovered:
D:1:      dpeg_arrival_snail, layout_loops_ring, minmay_pentomino_p2
D:2:      layout_loops_ring, uniq_crazy_yiuf_cottage, uniq_natasha
D:3:      layout_basic, minmay_misc_feat_hallway
D:4:      layout_loops_cross, grunt_decor_cap

Skill      XL: |  1  2  3  4  5  6 |
---------------+-------------------+-----
Axes           | 3 4 5 6 7 |  7.6
Fighting       | 4 5 |  5.8
Armour         | |  3.2
Shields        | |  3.2

Action                     |  1- 3 |  4- 6 || total
---------------------------+-------+-------++-------
  Melee: War axe           |    88 |    96 ||   184
    Use: Scroll            |     4 |     5 ||     9
         Potion            |       |     2 ||     2
 Armour: Scale mail        |    34 |    41 ||    75
  Dodge: Dodged            |    54 |    41 ||    95
  Block: Buckler           |    22 |    23 ||    45

Table legend: (Time is in decaauts)
 A = Elapsed time spent in this place.
 B = Non-inter-level travel time spent in this place.
 C = Inter-level travel time spent in this place.
 D = Time resting spent in this place.
 E = Time spent auto-exploring this place.
 F = Levels seen in this place.
 G = Mean time per level.
                   A        B        C        D        E       F      G
               +--------+--------+--------+--------+--------+-----+--------+
         Total |   2963 |   2880 |     83 |    644 |   1778 |   4 |  740.8 |
       Dungeon |   2963 |   2880 |     83 |    644 |   1778 |   4 |  740.8 |
               +--------+--------+--------+--------+--------+-----+--------+

Top non-repeatable levels by time:
     D:2: 1122 daAuts
     D:3: 934 daAuts
     D:1: 746 daAuts
     D:4: 160 daAuts
